Map: Site Delta LE

Players

Azuriel - Winner!

  • Race: Zerg Zerg
  • Spawn Location: 11:00

Frogcute

  • Race: Zerg Zerg
  • League: Diamond
  • Spawn Location: 5:00

VOD

Have the link to the VOD?

Description

Time

  • Played on: June 8, 2024, 1:05 a.m.
  • Length: 5:34
Show
View Real Time Build Order
Export as new Build Order

Azuriel Zerg - Winner!

Build Orders: 1 Base Baneling Bust, Pool First, Zergling Baneling 

Get SALT Encoding   

  12  0:00  Drone  
  13  0:22  Spawning Pool  
  13  0:25  Drone  
  13  0:29  Extractor  
  13  0:32  Drone  
  13  0:36  Drone  
  13  0:41  Extractor  
  13  0:44  Drone  
  15  0:51  Overlord  
  15  1:10  Zergling x4  
  17  1:20  Zergling x2, Queen  
  20  1:29  Metabolic Boost  
  20  1:31  Zergling x2  
  21  1:42  Zergling x2  
  22  1:54  Overlord  
  22  2:01  Extractor  
  21  2:02  Zergling x2  
  23  2:14  Drone  
  24  2:29  Zergling x2  
  27  2:30  Zergling x6  
  27  2:34  Baneling Nest  
  27  2:43  Zergling x2  
  29  2:51  Zergling x2  
  29  2:58  Hatchery  
  27  3:10  Zergling x6  
  27  3:12  Overlord  
  30  3:19  Baneling x3  
  30  3:20  Baneling x2  
  30  3:29  Overlord  
  30  3:31  Zergling x2  
  30  3:49  Zergling x2  
  30  3:50  Zergling x4  
  29  4:07  Zergling x2  
  29  4:08  Zergling x2  
  28  4:13  Zergling x2  
  28  4:16  Zergling x2  
  30  4:19  Baneling x6  
  30  4:22  Zergling x2  
  30  4:23  Zergling x2  
  32  4:32  Zergling x2  
  32  4:33  Zergling x2  
  33  4:48  Zergling x8  
  37  4:58  Drone x2  
  39  5:02  Drone  
  39  5:03  Drone  
  40  5:16  Zergling x6  
Show
View Real Time Build Order
Export as new Build Order

Frogcute Zerg 

Build Orders: Pool First 

Get SALT Encoding   

  12  0:17  Spawning Pool  
  11  0:22  Drone  
  11  0:26  Drone  
  13  0:30  Drone  
  14  0:39  Overlord  
  14  1:04  Queen  
  14  1:05  Zergling x6  
  19  1:16  Zergling x2  
  20  1:31  Hatchery  
  19  1:38  Overlord  
  19  1:50  Queen  
  21  1:55  Drone  
  22  2:05  Drone  
  23  2:15  Spine Crawler  
  22  2:24  Spine Crawler, Extractor  
  22  2:26  Drone x2  
  23  2:48  Spine Crawler  
  23  2:49  Drone x2  
  23  2:50  Drone  
  23  3:20  Hatchery  
  23  3:22  Drone x3  
  23  3:23  Roach Warren  
  20  3:53  Queen  
  12  4:04  Drone x6  
  17  4:24  Drone  
  18  4:38  Roach x2  
  20  4:51  Roach  
  22  4:56  Queen  
  22  4:59  Roach  
  26  5:09  Roach  
  26  5:10  Roach  
  26  5:11  Overlord  
Tags
 
Add a new tag
Caveats
  • Supply blocks, unpowered buildings, or Contaminate may cause inaccurate times.
  • Supply counts are checked every 10 seconds.